 Dungeon Crawl Stone Soup version 0.29-a0-284-gf9362112df (webtiles) character file.

Game seed: 10987609476675288399

445 epen the Shooter (level 7, -7/62 HPs)
             Began as a Naga Hunter on Mar 14, 2022.
             Was a Follower of Dithmenos.
             Mangled by Menkaure (19 damage)
             ... on level 4 of the Dungeon.
             The game lasted 00:04:42 (4859 turns).

epen the Shooter (Naga Hunter)                      Turns: 4859, Time: 00:04:43

Health: -7/62      AC:  6    Str: 13    XL:     7   Next: 3%
Magic:  8/8        EV: 10    Int:  9    God:    Dithmenos [*.....]
Gold:   291        SH:  0    Dex: 17    Spells: 6/6 levels left

rFire   . . .      SeeInvis +   a - +2 shortbow
rCold   . . .      Faith    .   (shield currently unavailable)
rNeg    . . .      Spirit   .   b - +0 leather armour
rPois   +          Reflect  .   (no helmet)
rElec   .          Harm     .   (no cloak)
rCorr   .          Rampage  .   g - +1 pair of gloves
Will    .....                   (no barding)
Stlth   ++........              (no amulet)
HPRegen 0.20/turn               (no ring)
MPRegen 0.11/turn               (no ring)

@: wreathed by umbra, very slow
A: AC +2, large, see invisible, deformed body, poison resistance, slowness 2,
spit poison 1, naga tail 1
a: Spit Poison, Renounce Religion


You were on level 4 of the Dungeon.
You worshipped Dithmenos.
Dithmenos was aware of your devotion.
You visited 1 branch of the dungeon, and saw 4 of its levels.
You also visited: Ossuary.

You collected 291 gold pieces.

Inventory:

Hand Weapons
 a - a +2 shortbow (weapon)
Missiles
 j - 2 throwing nets
Armour
 b - a +0 leather armour (worn)
 g - a +1 pair of gloves (worn)
Jewellery
 l - a +4 ring of evasion
Scrolls
 c - a scroll of immolation
 d - 2 scrolls of fog
 h - 5 scrolls of teleportation
 n - 2 scrolls of identify
 o - a scroll of enchant armour {unknown}
Potions
 e - a potion of brilliance
 f - a potion of heal wounds {unknown}
 i - a potion of mutation
 k - 7 potions of curing
 m - 2 potions of magic {unknown}
 p - a potion of attraction


   Skills:
 + Level 3.5 Fighting
 * Level 5.3 Bows
 + Level 2.1 Armour
 + Level 2.8 Dodging
 - Level 1.5 Stealth
 + Level 2.1 Invocations


You had 6 spell levels left.
You didn't know any spells.
Your spell library contained the following spells:

 Spells                   Type           Power      Damage    Failure   Level
 Ozocubu's Armour         Ice            0%         N/A       83%         3
 Metabolic Englaciation   Hex/Ice        0%         N/A       100%        5
 Simulacrum               Ice/Necr       0%         N/A       100%        6


Dungeon Overview and Level Annotations

Branches:
Dungeon (4/15)            Ossuary (visited)
 Temple: D:4-7

Altars:
Dithmenos
Fedhas
Ru
Xom
Yredelemnul
Lugonu

Shops:
D:3 *

Portals:
Abyss: D:3

Annotations:
D:4 2 transporters, Menkaure; epen's ghost, novice GnHu


Innate Abilities, Weirdness & Mutations

Your serpentine skin is tough. (AC +2)
You have supernaturally acute eyesight. (SInv)
Armour fits poorly on your strangely shaped body.
Your system is resistant to poisons. (rPois)
You cover ground very slowly.
You can spit poison.
You have a snake-like lower body.


Message History

Menkaure is heavily damaged.
Menkaure blazes with dark energy!
Menkaure casts a spell at you. Pain shoots through your body!
You shoot an arrow. The arrow hits Menkaure!
Menkaure is severely damaged.
You shoot an arrow. The arrow completely misses Menkaure.
Menkaure hits you!
You shoot an arrow.
The arrow hits Menkaure but does no damage.
Menkaure is severely damaged.
Menkaure casts a spell.
Menkaure seems to speed up.
You shoot an arrow.
The arrow hits Menkaure but does no damage.
Menkaure is severely damaged.
Menkaure hits you! Menkaure closely misses you.
You are too injured to fight recklessly!
Shoot: a) +2 shortbow
Press: ? - help, Shift-Dir - straight line, f/p - Menkaure
Aim: Menkaure (severely damaged, fast, umbra, 78% to hit)
You shoot an arrow. The arrow hits Menkaure.
Menkaure is almost destroyed.
Menkaure barely misses you. Menkaure breathes soot at you.
Menkaure barely misses you.
Shoot: a) +2 shortbow
Press: ? - help, Shift-Dir - straight line, f/p - Menkaure
Aim: Menkaure (almost destroyed, fast, umbra, 78% to hit)
You shoot an arrow.
The arrow hits Menkaure but does no damage.
Menkaure is almost destroyed.
Menkaure hits you!!
* * * LOW HITPOINT WARNING * * *
Shoot: a) +2 shortbow
Press: ? - help, Shift-Dir - straight line, f/p - Menkaure
Aim: Menkaure (almost destroyed, fast, umbra, 78% to hit)
You shoot an arrow. The arrow hits Menkaure.
Menkaure is almost destroyed.
Menkaure hits you!!
You die...

##################
.................#
.#######.#######.#
.# ##...## #.# ##
#>....#####@# ###
#..........#M.#
#.####.....#####.#.#
.#........## #.#.#
#.######.## #.#.#
#.# ####.# #.#.###
#.# #....#####
#.....# #.#
#........###.....#
#.#
#.######........[#


You could see Menkaure (fast).

Vanquished Creatures
  2 centaur zombies (Ossuary)
  2 hounds (D:4)
  3 human zombies (Ossuary)
  An orc wizard (D:3)
  3 mummies (Ossuary)
  5 adders
  4 adder zombies (Ossuary)
  2 worms (D:3)
  3 dart slugs
  5 orcs (D:3)
  9 ball pythons
  7 endoplasms
  2 giant cockroaches
  4 gnoll zombies (Ossuary)
  5 goblins
  4 hobgoblins
  4 quokkas
  4 bats
  3 frilled lizards
  5 goblin zombies (Ossuary)
  3 hobgoblin zombies (Ossuary)
  4 jackal zombies (Ossuary)
  7 kobolds
  5 kobold zombies (Ossuary)
  3 orc zombies (Ossuary)
  3 quokka zombies (Ossuary)
  9 rats
  2 rat zombies (Ossuary)
  A lurking horror (D:3)
114 creatures vanquished.

Notes
Turn   | Place    | Note
-------+----------+-------------------------------------------
     0 | D:1      | epen the Naga Hunter began the quest for the Orb.
     0 | D:1      | Reached XP level 1. HP: 19/19 MP: 1/1
   182 | D:1      | Reached XP level 2. HP: 26/26 MP: 2/2
   529 | D:1      | Reached XP level 3. HP: 32/32 MP: 3/3
   557 | D:1      | Reached skill level 4 in Bows
  1055 | D:2      | Found a faded altar of an unknown god.
  1286 | D:2      | Reached skill level 1 in Armour
  1286 | D:2      | Reached XP level 4. HP: 40/40 MP: 4/4
  1431 | D:3      | Found a corrupted altar of Lugonu.
  1431 | D:3      | Found a one-way gate to the infinite horrors of the Abyss.
  1676 | D:3      | Found Raufun's Assorted Antiques.
  1715 | D:3      | Found a blossoming altar of Fedhas.
  2065 | D:3      | Found a shimmering altar of Xom.
  2187 | D:3      | Reached XP level 5. HP: 19/48 MP: 5/5
  2830 | D:3      | Found a shadowy altar of Dithmenos.
  2916 | D:3      | Became a worshipper of Dithmenos the Shadowed
  3237 | D:4      | Found a sand-covered staircase.
  3246 | Ossuary  | Entered an ossuary
  3534 | Ossuary  | Reached * piety under Dithmenos
  3535 | Ossuary  | Reached skill level 1 in Invocations
  3648 | Ossuary  | Reached XP level 6. HP: 48/56 MP: 6/6
  3778 | Ossuary  | Reached skill level 5 in Bows
  4261 | D:4      | Found a sacrificial altar of Ru.
  4261 | D:4      | Found a basalt altar of Yredelemnul.
  4362 | D:4      | Found a transporter.
  4365 | D:4      | Found a transporter.
  4365 | D:4      | Noticed epen's ghost (novice GnHu)
  4545 | D:4      | Reached XP level 7. HP: 40/62 MP: 8/8
  4851 | D:4      | Noticed Menkaure
  4859 | D:4      | Mangled by Menkaure

Illustrated notes

Levels and vault maps discovered:
D:1:      wheals_arrival_shading, layout_loops_ring
D:2:      layout_rooms, hellmonk_ecumenical_altar_lost_god
D:3:      layout_basic, mainiacjoe_overflow_brackets, fedhas_altar_2,
          mainiacjoe_overflow_alcove_1, serial_shops, shop,
          chequers_mini_garden, grunt_ministairs_6,
          amcnicky_altar_lugonu_corruption
D:4:      layout_loops_ring, gammafunk_temple_overflow_elements,
          lightli_ossuary_entry_decrepit_ruins, gammafunk_ghost_arena,
          uniq_menkaure

Skill      XL: |  1  2  3  4  5  6 |
---------------+-------------------+-----
Bows           | 4 5 |  5.3
Dodging        | 2 |  2.8
Armour         | 1 2 |  2.1
Fighting       | 3 |  3.5
Invocations    | 1 2 |  2.1
Stealth        | |  1.5

Action                   |  1- 3 |  4- 6 |  7- 9 || total
-------------------------+-------+-------+-------++-------
 Fire: Shortbow          |    77 |   274 |     8 ||   359
 Abil: Spit Poison       |       |     4 |       ||     4
  Use: Scroll            |       |    11 |       ||    11
Armor: Leather armour    |    12 |    45 |       ||    57
Dodge: Dodged            |    10 |    83 |     3 ||    96

Table legend: (Time is in decaauts)
 A = Elapsed time spent in this place.
 B = Non-inter-level travel time spent in this place.
 C = Inter-level travel time spent in this place.
 D = Time resting spent in this place.
 E = Time spent auto-exploring this place.
 F = Levels seen in this place.
 G = Mean time per level.
                   A        B        C        D        E       F      G
               +--------+--------+--------+--------+--------+-----+--------+
         Total |   6058 |   5944 |    114 |    189 |   4919 |   5 | 1211.6 |
       Dungeon |   5055 |   4941 |    114 |      0 |   4395 |   4 | 1263.8 |
       Ossuary |   1002 |   1002 |      0 |    189 |    524 |   1 | 1002.0 |
               +--------+--------+--------+--------+--------+-----+--------+

Top non-repeatable levels by time:
     D:3: 2273 daAuts
     D:4: 1025 daAuts
     D:1: 1005 daAuts
 Ossuary: 1002 daAuts
     D:2: 751 daAuts
